 Dungeon Crawl Stone Soup version 0.20.1-1-g8b1a95d (webtiles) character file.

193 Kahvikuppo the Skirmisher (level 5, 0/47 HPs)
             Began as a Draconian Berserker on July 12, 2017.
             Was a Believer of Trog.
             Killed from afar by Natasha (7 damage)
             ... with a magic dart
             ... on level 4 of the Dungeon.
             The game lasted 00:19:15 (1678 turns).

Kahvikuppo the Skirmisher (Draconian Berserker)     Turns: 1678, Time: 00:19:16

Health: 0/47       AC:  6    Str: 21    XL:     5   Next: 43%
Magic:  5/5        EV: 13    Int:  7    God:    Trog [**....]
Gold:   148        SH:  0    Dex: 10    Spells: 4/4 levels left

rFire    . . .     SeeInvis .   c - +2 short sword (freeze)
rCold    . . .     Gourm    .   (no shield)
rNeg     . . .     Faith    .   (armour unavailable)
rPois    .         Spirit   .   (helmet restricted)
rElec    .         Reflect  .   (no cloak)
rCorr    .         Harm     .   s - +0 pair of gloves
MR       .....                  (no boots)
Stlth    +.........             (no amulet)
Regen    0.2/turn               (no ring)
MPRegen  0.1/turn               (no ring)

@: starving, hasted and slowed
A: unfitting armour, cold-blooded, AC +5
a: Berserk, Trog's Hand, Burn Spellbooks, Renounce Religion


You were on level 4 of the Dungeon.
You worshipped Trog.
Trog was pleased with you.
You were starving.

You visited 1 branch of the dungeon, and saw 4 of its levels.

You collected 148 gold pieces.

Inventory:

Hand Weapons
 a - a +0 mace
 c - a +2 short sword of freezing (weapon)
 q - a +1 trident of piercing
Missiles
 m - 4 curare-tipped needles (quivered)
 p - 3 poisoned tomahawks
Armour
 e - a +0 robe
 o - a +2 helmet
 r - a +1 helmet of see invisible
 s - a +0 pair of gloves (worn)
Scrolls
 f - a scroll of amnesia {unknown}
 i - a scroll of fear {unknown}
 j - 2 scrolls of identify
 k - 2 scrolls of teleportation {unknown}
 t - a scroll of recharging {unknown}
Potions
 d - a potion of lignification
 n - a potion of flight {unknown}
Comestibles
 b - 2 bread rations
 h - 2 royal jellies
 l - a meat ration


   Skills:
 + Level 4.6 Fighting
 + Level 1.2 Short Blades
 + Level 4.2 Maces & Flails
 + Level 0.2 Polearms
 + Level 3.7 Dodging
 + Level 0.2 Stealth


You had 4 spell levels left.
You didn't know any spells.

Dungeon Overview and Level Annotations

Branches:
Dungeon (4/15)
 Temple: D:4-7

Altars:
Makhleb

Annotations:
D:4 Giltor's ghost, amateur SpEn; Natasha


Innate Abilities, Weirdness & Mutations

Your plain brown scales are hard. (AC +5)
You cannot fit into any form of body armour.
You are cold-blooded and may be slowed by cold attacks.


Message History

The magic dart hits you!
* * * LOW HITPOINT WARNING * * *
Natasha mumbles some strange words.
Natasha wildly gestures.
You feel troubled.
Natasha mumbles some strange words.
Natasha wildly gestures.
You feel troubled.
The crimson imp blinks!
Natasha casts a spell at you. You resist with some effort.
Natasha stares at you and mumbles some strange words.
The magic dart hits you!
* * * LOW HITPOINT WARNING * * *
You see here a trident.
You are starving!
Natasha casts a spell.
Natasha casts a spell at you. The magic dart hits you!
You die...

#.#o# #.# #.#h# #(# #.#5#
#.# ##.#.##### #.#
##.......># #.# #.#
.##.....###.# #.# ...
..........#.# #.# #.#
###.....#o#.####.######.#
##...##.h..)..@.....#.#
##.#####..########.#.###
#.# #..# #.#...#######
#.# #..# #............
#.# #..# #####.#######
#.. ...# #.# ##... #.#
#### #.# #.#


You could see Natasha and an orc.

Vanquished Creatures
  A bullfrog zombie (D:3)
  An orc wizard (D:3)
  Robin (D:3)
  5 adders
  A howler monkey skeleton (D:4)
  A leopard gecko (D:2)
  5 orcs
  5 bats
  A giant cockroach (D:3)
  15 goblins
  5 hobgoblins
  4 jackals (D:3)
  4 kobolds
  2 quokkas (D:2)
  2 frilled lizards (D:1)
  3 rats
  2 fungi (D:3)
58 creatures vanquished.

Vanquished Creatures (others)
  2 fungi (D:3)
2 creatures vanquished.

Grand Total: 60 creatures vanquished

Notes
Turn   | Place    | Note
-------+----------+-------------------------------------------
     0 | D:1      | Kahvikuppo the Draconian Berserker began the quest for the Orb.
     0 | D:1      | Reached XP level 1. HP: 19/19 MP: 1/1
   113 | D:1      | Reached XP level 2. HP: 13/26 MP: 2/2
   126 | D:1      | You fall through a shaft!
   515 | D:2      | Reached XP level 3. HP: 25/33 MP: 3/3
   956 | D:3      | Found a burning altar of Makhleb.
   975 | D:3      | Reached ** piety under Trog
  1058 | D:3      | Reached XP level 4. HP: 37/40 MP: 4/4
  1417 | D:3      | Reached XP level 5. HP: 34/47 MP: 5/5
  1448 | D:3      | Noticed Robin
  1459 | D:3      | Reached skill level 1 in Short Blades
  1471 | D:3      | Killed Robin
  1635 | D:4      | Noticed Natasha
  1653 | D:4      | Noticed Giltor's ghost (amateur SpEn)
  1678 | D:4      | Killed from afar by Natasha

Skill      XL: |  1  2  3  4  5 |
---------------+----------------+-----
Dodging        | 3 |  3.7
Fighting       | 4 |  4.6
Maces & Flails | 4 |  4.2
Short Blades   | 1 |  1.2
Polearms       | |  0.2
Stealth        | |  0.2

Action                   |  1- 3 |  4- 6 || total
-------------------------+-------+-------++-------
Melee: Mace              |    65 |       ||    65
       Tailslap          |     9 |    11 ||    20
       Short sword       |    30 |    83 ||   113
       Trident           |       |     3 ||     3
Invok: Berserk           |     1 |     2 ||     3
  Use: Scroll            |     2 |     1 ||     3
       Potion            |     1 |     1 ||     2
  Eat: Fruit             |     4 |       ||     4
Armor: Skin              |    52 |    20 ||    72
Dodge: Dodged            |    70 |    66 ||   136
